 Dungeon Crawl Stone Soup version 0.29.1-12-g30fa7ad0bf (webtiles) character file.

Game seed: 9455998777019342933

3 mopl the Sneak (level 1, 14/14 HPs)
             Began as an Octopode Brigand on Dec 29, 2022.
             Got out of the dungeon alive.
             The game lasted 00:00:26 (152 turns).

mopl the Sneak (Octopode Brigand)                    Turns: 152, Time: 00:00:26

Health: 14/14      AC:  1    Str: 10    XL:     1   Next: 50%
Magic:  1/1        EV: 12    Int: 13    God:
Gold:   10         SH:  0    Dex: 13    Spells: 0/0 levels left

rFire   . . .      SeeInvis .   a - +2 dagger
rCold   . . .      Faith    .   (no shield)
rNeg    . . .      Spirit   .   (helmet restricted)
rPois   .          Reflect  .   (no amulet)
rElec   .          Harm     .   (no ring)
rCorr   .          Rampage  .   (no ring)
Will    .....                   (no ring)
Stlth   ++++......              (no ring)
HPRegen 0.04/turn               (no ring)
MPRegen 0.07/turn               (no ring)
                                (no ring)
                                (no ring)

@: no status effects
A: almost no armour, amphibious, 8 rings, camouflage 1, gelatinous body 1,
(nimble swimmer 1), tentacles
a: no special abilities


You escaped.
You visited 1 branch of the dungeon, and saw 1 of its levels.

You collected 10 gold pieces.

Inventory:

Hand Weapons
 a - a +2 dagger (weapon)
Missiles
 b - 9 poisoned darts (quivered)
 c - 3 curare-tipped darts


   Skills:
 - Level 2.0 Fighting
 + Level 2.0 Short Blades
 + Level 2.0 Throwing
 + Level 1.1 Dodging
 + Level 5.3 Stealth


You couldn't memorise any spells.
You didn't know any spells.
Your spell library was empty.

Dungeon Overview and Level Annotations

Branches:
Dungeon (1/15)

Altars:
Trog


Innate Abilities, Weirdness & Mutations

You cannot wear most types of armour.
You are amphibious.
You can wear up to eight rings at the same time.
Your skin changes colour to match your surroundings (Stealth+).
Your rubbery body absorbs attacks. (AC +1, EV +1)
((You are camouflaged when in or above water. (Stealth+)))
You have tentacles for arms and can constrict up to eight enemies at once.


Message History

No target in view!
No target in view!
No target in view!
No target in view!
No target in view!
An endoplasm comes into view.
The helpless endoplasm fails to defend itself.
You impale the endoplasm!!
You kill the endoplasm!
No target in view!
No target in view!
No target in view!
No target in view!
No target in view!
No target in view!
No target in view!
No target in view!
A ball python comes into view.
Found a faded altar of an unknown god.
There is a faded altar of an unknown god here.
Found a scroll labelled NUYNGU TOREYSH.
The helpless ball python fails to defend itself.
You impale the ball python!!
You kill the ball python!
There is a faded altar of an unknown god here.
You cannot tell which god this altar belongs to.
Convert to them anyway?
Trog accepts your prayer! Trog welcomes you!
You can now go berserk at will.
Really renounce your faith, foregoing its fabulous benefits?
Are you sure?
You have lost your religion!
Trog does not appreciate desertion!
Unknown command.
Press < or > to pray at altars.
You pick your way through the web.
There is a web here.
There is a staircase leading out of the dungeon here.
Are you sure you want to leave the Dungeon?
This will make you lose the game!
You have escaped!

... #####..#..# .# # ...
#......#..# # ....
#...##.#..# # #.....
#..###.# #
#.....##.##.#.# ####
#... #####.##.# #... #..
#####.#.#.# #.##
#..##©##©#.#..# #.##
#.##..###@#..## #.##
#.#...##.#.#..# #.#
#.....#.#.##..# #.#
###.####.#######.##..#
#.#
#................##..#
#.#
#.#.####.#.#.##.###..#..
#.# #.#.#.##.# #..#.#
#.# #.#.#.##.# ..#.# #.#
#.#.#)##.#.##.#.# #)#


There were no monsters in sight!

Vanquished Creatures
  An endoplasm (D:1)
  A ball python (D:1)
  A kobold (D:1)
  A rat (D:1)
4 creatures vanquished.

Notes
Turn   | Place    | Note
-------+----------+-------------------------------------------
     0 | D:1      | mopl the Octopode Brigand began the quest for the Orb.
     0 | D:1      | Reached XP level 1. HP: 14/14 MP: 1/1
   125 | D:1      | Found a faded altar of an unknown god.
   132 | D:1      | Prayed at the altar of an unknown god.
   132 | D:1      | Became a worshipper of Trog the Wrathful
   132 | D:1      | Reached * piety under Trog
   133 | D:1      | Fell from the grace of Trog
   152 | D:$      | Got out of the dungeon alive.

Illustrated notes

Levels and vault maps discovered:
D:1:      spicycebolla_arrival_risky_transporter, layout_basic,
          ebering_ecumenical_altar_webs, serial_shops, nicolae_shop_crystal

Action                   || total
-------------------------++-------
Melee: Dagger            ||     4
       Tentacles         ||     1
Invok: Renounce Religion ||     1
 Stab: Sleeping          ||     3
